[Event "Late-Titled-Tuesday-Blitz-September-19-2023"]
[Site "Chess.com"]
[Date "2023.09.19"]
[Round "2"]
[White "talaicito"]
[Black "Young_Catalan_Player09"]
[Result "1-0"]
[WhiteElo "2167"]
[BlackElo "2421"]
[TimeControl "180+1"]
[EndTime "14:16:38 PDT"]
[Termination "talaicito won on time"]

1. d4 f5 2. Bg5 h6 3. Bd2 Nf6 4.
g3 g6 5. Bg2 Bg7 6. c4 d6 7.
Nc3 c6 8. e4 fxe4 9. Nxe4 O-O 10. Bc3 Nbd7 11. Ne2 Nxe4 12. Bxe4 g5 13. O-O Nf6 14.
Bg2 Be6 15. Qd3 Nd7 16. f4 Bf5 17. Be4 Bxe4 18. Qxe4 g4 19. Qe6+ Kh8 20. Qxg4 Nf6 21. Qg6 Qd7 22. Rfe1 Qh3 23. d5 Rg8 24. Nd4 Ng4 25.
Qc2 cxd5 26. cxd5 Rac8 27. Qg2 Qxg2+ 28. Kxg2 Rge8 29. h3 Bxd4 30. Bxd4+ Nf6 31. Rxe7 Rc2+ 32. Kf3 Rxe7 33. Bxf6+ Rg7 34. Re1 Kh7 35. Bxg7 Kxg7 36. Re7+ Kg6 37. Rxb7 1-0

[Event "Late-Titled-Tuesday-Blitz-September-19-2023"]
[Site "Chess.com"]
[Date "2023.09.19"]
[Round "2"]
[White "hellokostya"]
[Black "KorolDimitriy75"]
[Result "1-0"]
[WhiteElo "2607"]
[BlackElo "2378"]
[TimeControl "180+1"]
[EndTime "14:16:41 PDT"]
[Termination "hellokostya won on time"]

1. d4 Nf6 2. c4 c5 3. d5 b5 4. Qc2 bxc4 5. e4 d6 6. Bxc4 g6 7. Nf3 Bg7 8. Nc3 O-O 9. O-O Nbd7 10. Re1 Nb6 11. Bf1 e6 12. Bg5 exd5 13. exd5 h6 14. Bh4 g5 15. Nxg5 hxg5 16. Bxg5 Qd7 17. Qd2 Qg4 18.
Rad1 Nc4 19. Bxc4 Qxc4 20. Bxf6 Bxf6 21. Re4 Qa6 22. Qh6 Bg7 23. Qg5 Rb8 24. f4 Rb4 25. f5 f6 26. Qg4 Rxb2 27. Re7 Rf7 28. Rde1 Bd7 29. Qg6 1-0

[Event "Late-Titled-Tuesday-Blitz-September-19-2023"]
[Site "Chess.com"]
[Date "2023.09.19"]
[Round "2"]
[White "jinxy2009"]
[Black "FrenchMonster2002"]
[Result "1-0"]
[WhiteElo "2310"]
[BlackElo "2462"]
[TimeControl "180+1"]
[EndTime "14:16:43 PDT"]
[Termination "jinxy2009 won by checkmate"]

1. e4 g6 2. d4 Bg7 3. Nc3 d6 4. Be3 a6 5. Qd2 b5 6. f3 Nd7 7. Nge2 Bb7 8. O-O-O Rc8 9. h4 h6 10.
h5 g5 11. Ng3 e6 12. Bd3 c5 13. d5 Qa5 14. dxe6 fxe6 15. Bxb5 axb5 16. Qxd6 Bxc3 17. Qxe6+ Ne7 18. Rxd7 Bxb2+ 19. Kxb2 Qb4+ 20. Kc1 Qa3+ 21. Kd1 Rh7 22. Rxb7 Qxe3 23. Rxe7+ Rxe7 24. Qxe7+ Kxe7 25. Nf5+ Kf6 26. Nxe3 Ke5 27. Ke2 Ra8 28. Rd1 Rxa2 29. Rd5+ Kf4 30. Rxc5 b4 31. Kf2 b3 32. Rf5# 1-0

[Event "Late-Titled-Tuesday-Blitz-September-19-2023"]
[Site "Chess.com"]
[Date "2023.09.19"]
[Round "2"]
[White "Squirlolz"]
[Black "WilliamAlfaroCaracas"]
[Result "1-0"]
[WhiteElo "2499"]
[BlackElo "2282"]
[TimeControl "180+1"]
[EndTime "14:16:44 PDT"]
[Termination "Squirlolz won on time"]

1. d4 Nf6 2. g3 g6 3. Bg2 d5 4.
Nd2 Bg7 5. c3 O-O 6. e4 dxe4 7.
Nxe4 Nxe4 8. Bxe4 e5 9. d5 f5 10. Bg2 e4 11. Ne2 Nd7 12. O-O Ne5 13. Nf4 g5 14. Nh5 Nd3 15. Nxg7 Kxg7 16. c4 c6 17. dxc6 bxc6 18. Bd2 Qe7 19. Bc3+ Kg8 20. f3 Be6 21.
fxe4 Bxc4 22. Qh5 Bf7 23. Qh6 Bg6 24. exf5 Bxf5 25. Kh1 Bg6 26. h3 Rxf1+ 27. Rxf1 Rf8 28. Rxf8+ Qxf8 29. Qxg5 Nf2+ 30. Kh2 Ne4 31. Bxe4 Qf2+ 32. Bg2 Kf7 33. Qf4+ 1-0

[Event "Late-Titled-Tuesday-Blitz-September-19-2023"]
[Site "Chess.com"]
[Date "2023.09.19"]
[Round "2"]
[White "alexrustemov"]
[Black "amanmuhammethommadov"]
[Result "0-1"]
[WhiteElo "2789"]
[BlackElo "2554"]
[TimeControl "180+1"]
[EndTime "14:16:45 PDT"]
[Termination "amanmuhammethommadov won on time"]

1. d4 Nf6 2. c4 g6 3. Nf3 Bg7 4. g3 O-O 5. Bg2 d6 6. O-O c6 7. Nc3 Bf5 8. Nh4 Be6 9. d5 cxd5 10.
cxd5 Bd7 11. Be3 b5 12. Bd4 a5 13. e4 Na6 14. f4 b4 15. Ne2 Bb5 16. h3 Nc5 17. e5 Nfd7 18. Nf3 Rc8 19. e6 fxe6 20.
Bxg7 Kxg7 21. Nfd4 e5 22. Nxb5 Qb6 23. a4 Nxa4+ 24. Kh1 Nxb2 25. Qb3 Nc4 26. Qa4 Nc5 27. Qa2 b3 28. Qb1 Qxb5 29. Nc3 Qb4 30. Qe1 Nd3 31. Qe2 Qxc3 32. Rad1 Nb4 33. Rf3 Qb2 34. Qe1 Nc2 35.
Qe2 Nd4 0-1

[Event "Late-Titled-Tuesday-Blitz-September-19-2023"]
[Site "Chess.com"]
[Date "2023.09.19"]
[Round "2"]
[White "Joshukid"]
[Black "AsaHoffmann"]
[Result "1-0"]
[WhiteElo "2552"]
[BlackElo "2365"]
[TimeControl "180+1"]
[EndTime "14:16:45 PDT"]
[Termination "Joshukid won on time"]

1. d4 Nf6 2. Nc3 d6 3. g3 c6 4. Bg2 Nbd7 5. Nf3 e5 6. O-O e4 7. Ng5 d5 8. f3 h6 9. Nh3 Nb6 10. fxe4 dxe4 11. Nf4 g5 12. Nh3 Bg7 13. Nf2 Bf5 14.
e3 Qe7 15. a4 Bg6 16. b3 Nbd5 17. Nxd5 cxd5 18. c4 Qd6 19. Ba3 Qe6 20. Bh3 Qb6 21.
Bc5 Qc6 22. Ng4 Nd7 23. Ba3 Bf8 24. cxd5 Qxd5 25. Bxf8 Kxf8 26. Rc1 Kg7 27. Rc7 Rad8 28. Qd2 h5 29. Nf2 g4 30. Bg2 Ne5 31. Qb4 Nf3+ 32.
Bxf3 exf3 33. Qxb7 Qxb7 34. Rxb7 Rhe8 35. Nd1 Bd3 36.
Re1 Be2 37. Kf2 Rc8 38. Rxe2 fxe2 39. Kxe2 Rc2+ 40. Kf1 Rxh2 41. Nf2 1-0

[Event "Late-Titled-Tuesday-Blitz-September-19-2023"]
[Site "Chess.com"]
[Date "2023.09.19"]
[Round "2"]
[White "dzilleruelo"]
[Black "GlavkonVVS"]
[Result "1/2-1/2"]
[WhiteElo "2345"]
[BlackElo "2603"]
[TimeControl "180+1"]
[EndTime "14:16:47 PDT"]
[Termination "Game drawn by repetition"]

1. e4 Nf6 2. e5 Nd5 3. c4 Nb6 4. d4 d6 5. f4 dxe5 6. fxe5 c5 7. d5 g6 8. h3 Bg7 9. Nf3 e6 10. Bg5 f6 11. exf6 Bxf6 12. Bxf6 Qxf6 13. Nc3 exd5 14.
Nxd5 Nxd5 15. Qxd5 Qxb2 16. Rd1 Nc6 17. Qe4+ Kf8 18.
Qf4+ Kg7 19. Qc7+ Kf8 20. Be2 Bf5 21. Qd6+ Kg7 22. Qc7+ Kf8 23. Qd6+ Ne7 24. Ne5 Qc3+ 25. Kf1 Ke8 26. g4 Rf8 27. Bf3 Bxg4 28. hxg4 Rxf3+ 29. Nxf3 Qxf3+ 30. Kg1 Qxg4+ 31. Kf2 Qf5+ 32. Kg2 Qg4+ 33. Kf2 Qf5+ 34. Kg2 Qg4+ 35. Kf2 1/2-1/2

[Event "Late-Titled-Tuesday-Blitz-September-19-2023"]
[Site "Chess.com"]
[Date "2023.09.19"]
[Round "2"]
[White "mac0504"]
[Black "jefferyx"]
[Result "0-1"]
[WhiteElo "2591"]
[BlackElo "3005"]
[TimeControl "180+1"]
[EndTime "14:16:49 PDT"]
[Termination "jefferyx won by resignation"]

1. c4 e5 2. Nc3 Nf6 3. e3 Bb4 4. Nge2 O-O 5. a3 Be7 6. d4 exd4 7. Qxd4 Nc6 8. Qd1 a5 9. Nf4 Re8 10. Be2 Bf8 11. O-O g6 12. b3 Bg7 13. Bb2 d6 14. Qd2 Bf5 15. Rad1 Ne5 16. h3 h5 17. Nfd5 Nfd7 18. e4 Be6 19. f4 Nc6 20. Kh1 Nc5 21.
Qc2 Nd4 22. Rxd4 Bxd4 23. f5 Bxd5 24. Nxd5 Bxb2 25. Qxb2 Nxe4 26. Bd3 Ng3+ 27. Kg1 Re5 28. Rf3 h4 29. fxg6 f5 30. Qd2 Kg7 31. Nf4 Qe7 32.
Rxg3 hxg3 33. Nh5+ Kxg6 34. Nxg3 Qg5 35. Qf2 Qe3 36.
Bxf5+ Kg5 37. Bg4 Rf8 38. Qxe3+ Rxe3 39. Bf3 Rfxf3 40. gxf3 Rxf3 41. Ne4+ Kh4 42. Nd2 0-1

[Event "Late-Titled-Tuesday-Blitz-September-19-2023"]
[Site "Chess.com"]
[Date "2023.09.19"]
[Round "2"]
[White "ferrufino64"]
[Black "RCone"]
[Result "0-1"]
[WhiteElo "2198"]
[BlackElo "2453"]
[TimeControl "180+1"]
[EndTime "14:16:49 PDT"]
[Termination "RCone won by resignation"]

1. e4 d6 2. d4 Nf6 3. Nc3 g6 4. Nf3 Bg7 5. Be2 O-O 6. O-O Bg4 7. h3 Bxf3 8. Bxf3 e5 9. Be3 Nc6 10. dxe5 dxe5 11. Nd5 Nd4 12. Nxf6+ Qxf6 13. c3 Ne6 14. g3 Rfd8 15. Qe2 b6 16. Kg2 h5 17. h4 a5 18.
a4 Bf8 19. Rfd1 Bc5 20. Bd2 Qe7 21. Qc4 Qf6 22. Be2 Qxf2+ 23. Kh3 Qf6 24. Rf1 Qe7 25. Rad1 Rd7 26. Bc1 Rad8 27. Rxd7 Rxd7 28. Qb3 Kg7 29. Qc2 c6 30. Bc4 f6 31. Qe2 Rd6 32. Bb3 Qd7 33.
Bc2 b5 34. Kg2 b4 35. Qa6 bxc3 36. bxc3 Rd2+ 37. Bxd2 Qxd2+ 38. Kh3 Qxc2 39. Qb7+ Kh6 40. Qf7 Nf4+ 41. gxf4 Qd3+ 42. Kg2 Qe2+ 43. Kg3 Qxf1 44. Qxf6 Qxf4+ 45. Qxf4+ exf4+ 46. Kf3 g5 47. c4 0-1

[Event "Late-Titled-Tuesday-Blitz-September-19-2023"]
[Site "Chess.com"]
[Date "2023.09.19"]
[Round "2"]
[White "ljuks68"]
[Black "campochess"]
[Result "0-1"]
[WhiteElo "2427"]
[BlackElo "2172"]
[TimeControl "180+1"]
[EndTime "14:16:49 PDT"]
[Termination "campochess won on time"]

1. e4 c5 2. Nf3 Nc6 3. d4 cxd4 4.
Nxd4 e5 5. Nb5 a6 6. Nd6+ Bxd6 7. Qxd6 Qe7 8. Qxe7+ Ngxe7 9. Nc3 d5 10. Nxd5 Nxd5 11.
exd5 Nb4 12. Bd3 Nxd3+ 13. cxd3 Bf5 14. Ke2 Rd8 15. Be3 Rxd5 16. Rhd1 Kd7 17. Rac1 Rc8 18. Rc3 Rc6 19. Rdc1 Rcd6 20. Rc7+ Ke6 21. Rxb7 Bxd3+ 22. Kf3 Rb5 23. Rxb5 Bxb5 24. b3 f5 25. g3 h6 26. h4 Rd3 27. Kg2 Kd7 28. Rc5 Bc6+ 29. Kf1 Rd5 30. Rc3 Bb5+ 31. Ke1 Rd3 32. Rc5 Kd6 33.
Rc1 Kd5 34. Rc7 Ke4 35. Rxg7 f4 36. gxf4 exf4 37. Bc5 Rc3 38. Rg6 Rxc5 39. Rxh6 Rc2 40. a4 Bd3 0-1

[Event "Late-Titled-Tuesday-Blitz-September-19-2023"]
[Site "Chess.com"]
[Date "2023.09.19"]
[Round "2"]
[White "RamyresCoelho"]
[Black "dianosky"]
[Result "0-1"]
[WhiteElo "2296"]
[BlackElo "2509"]
[TimeControl "180+1"]
[EndTime "14:16:50 PDT"]
[Termination "dianosky won by checkmate"]

1. e4 c5 2. Nf3 a6 3. d4 cxd4 4.
Nxd4 Nf6 5. Nc3 e5 6. Nf3 Bb4 7. Bc4 Qc7 8. Bb3 Bxc3+ 9. bxc3 Qxc3+ 10. Bd2 Qc7 11. Qe2 h6 12. O-O Nc6 13. Nh4 d6 14. Nf5 Bxf5 15. exf5 Nd4 16. Qd3 Rc8 17. f4 Qc5 18.
Kh1 Ng4 19. fxe5 Nxb3 20. cxb3 Nf2+ 21. Rxf2 Qxf2 22. Rf1 Qc5 23. exd6 O-O 24. f6 Rfd8 25. fxg7 Rxd6 26. Qf3 Qd5 27. Qg4 Rc2 28. Bf4 Rg6 29. Qh3 Rgxg2 30. Qf3 Qxf3 31. Rxf3 Rgf2 32. Rxf2 Rxf2 33. Bxh6 Rxa2 34. h4 Rb2 35. h5 Rxb3 36.
Kh2 Rb5 37. Bf4 Rxh5+ 38. Kg3 Kxg7 39. Kf3 Rf5 40. Ke4 Rxf4+ 41. Kxf4 Kf6 42. Ke4 Kg5 43. Kd4 f5 44. Kc5 f4 45. Kb6 f3 46.
Kxb7 f2 47. Kxa6 f1=Q+ 48. Ka5 Qc4 49. Kb6 Kf5 50. Ka5 Ke5 51. Kb6 Kd6 52. Ka5 Qb3 53. Ka6 Kc6 54. Ka5 Qb5# 0-1

[Event "Late-Titled-Tuesday-Blitz-September-19-2023"]
[Site "Chess.com"]
[Date "2023.09.19"]
[Round "2"]
[White "Hoshka"]
[Black "arenal72"]
[Result "0-1"]
[WhiteElo "2053"]
[BlackElo "2421"]
[TimeControl "180+1"]
[EndTime "14:16:50 PDT"]
[Termination "arenal72 won on time"]

1. d4 d6 2. Nf3 g6 3. g3 Bg7 4. Bg2 Nf6 5. O-O O-O 6. c4 Nbd7 7.
Nc3 e5 8. e4 Qe7 9. h3 h6 10.
Re1 c6 11. Be3 exd4 12. Nxd4 Nc5 13. Qc2 Ne6 14. Nde2 Nd7 15. Rad1 a5 16. f4 Ndc5 17. Bf2 Bd7 18. b3 Rad8 19. a3 Rfe8 20. b4 axb4 21. axb4 Na6 22. Qb3 Bc8 23. Na4 Nec7 24. b5 cxb5 25. cxb5 Nc5 26. Nxc5 dxc5 27. Nc3 Be6 28.
Nd5 Bxd5 29. exd5 Qd6 30. Rxe8+ Rxe8 31. Qc4 b6 32. Re1 Rxe1+ 33. Bxe1 Bd4+ 34. Kh2 h5 35. h4 Ne8 36. Qa4 Nf6 37. Bf3 Kg7 38. Qa8 Qe7 0-1

[Event "Late-Titled-Tuesday-Blitz-September-19-2023"]
[Site "Chess.com"]
[Date "2023.09.19"]
[Round "2"]
[White "Ykow"]
[Black "Defenstrator"]
[Result "1-0"]
[WhiteElo "2507"]
[BlackElo "2331"]
[TimeControl "180+1"]
[EndTime "14:16:52 PDT"]
[Termination "Ykow won by resignation"]

1. g4 g5 2. d4 d5 3. h3 h6 4. Bg2 Bg7 5. c4 c5 6. dxc5 dxc4 7. Qxd8+ Kxd8 8. Na3 c3 9. b4 c2 10. Nxc2 Bxa1 11.
Nxa1 Be6 12. Bb2 Nf6 13. Bxb7 Bd5 14. Bxd5 Nxd5 15. Bxh8 f6 16. h4 Nc6 17. hxg5 hxg5 18. e4 Ndxb4 19. Bxf6 Kd7 20. Bxg5 Nd3+ 21. Kf1 Nxc5 22. f3 Rb8 23. Nb3 Nxb3 24. axb3 Rxb3 25. Kg2 Rb2+ 26. Kg3 Rb1 27. Kf2 a5 28. Rh8 Kc7 29.
Ne2 Kb7 30. Bxe7 Nxe7 31. Rh7 a4 32. Rxe7+ Kb6 33. Nc3 Rb2+ 34. Ke3 a3 35. Rd7 Rb3 36. Rd3 Kc5 37. Na2 Kc4 38. Rxb3 Kxb3 39. Nc1+ Kc2 40. Na2 Kb3 41. g5 Kxa2 42. g6 Kb1 43. g7 a2 44.
g8=Q a1=Q 45. Qg1+ 1-0

[Event "Late-Titled-Tuesday-Blitz-September-19-2023"]
[Site "Chess.com"]
[Date "2023.09.19"]
[Round "2"]
[White "Ready4abattle"]
[Black "Nathan_Filgueiras"]
[Result "1/2-1/2"]
[WhiteElo "2325"]
[BlackElo "2497"]
[TimeControl "180+1"]
[EndTime "14:16:52 PDT"]
[Termination "Game drawn by repetition"]

1. e4 c5 2. Nf3 Nc6 3. d4 cxd4 4.
Nxd4 e5 5. Nb5 d6 6. N1c3 a6 7. Bg5 f6 8. Be3 axb5 9. Nd5 Ra4 10. Bxb5 Rxe4 11. Qf3 f5 12. O-O Nf6 13. Bb6 Qd7 14.
Nc7+ Kf7 15. a4 d5 16. Rfd1 Bd6 17. Nxd5 Nxd5 18. Rxd5 Qe6 19. Rad1 Be7 20. b3 Nd4 21. Bxd4 exd4 22. R5xd4 Rxd4 23. Rxd4 Qe1+ 24. Bf1 Be6 25. Rd1 Qe5 26. Bd3 Rc8 27. g3 Rc7 28. Kf1 g6 29. Re1 Qf6 30. Qf4 Rd7 31. Rxe6 Kxe6 32. Bc4+ Rd5 33. Qe3+ Qe5 34. Qb6+ Bd6 35. Qxb7 Qe4 36. a5 Qh1+ 37. Ke2 Qe4+ 38. Kf1 Qh1+ 39. Ke2 Qe4+ 40. Kf1 1/2-1/2

[Event "Late-Titled-Tuesday-Blitz-September-19-2023"]
[Site "Chess.com"]
[Date "2023.09.19"]
[Round "2"]
[White "NotFischer"]
[Black "WindWhistler11"]
[Result "1-0"]
[WhiteElo "2265"]
[BlackElo "2475"]
[TimeControl "180+1"]
[EndTime "14:16:52 PDT"]
[Termination "NotFischer won on time"]

1. e4 e6 2. d4 d5 3. e5 c5 4. c3 Nc6 5. Nf3 Bd7 6. dxc5 Bxc5 7. b4 Bb6 8. b5 Na5 9. Bd3 Ne7 10. h4 Rc8 11. a4 Nc4 12. Nbd2 Bxf2+ 13. Kxf2 Qb6+ 14.
Kg3 Ne3 15. Qe2 Rxc3 16. Bb2 Rxd3 17. Qxd3 N3f5+ 18. Kh3 Qf2 19. Kh2 Ng6 20. Bd4 Qg3+ 21.
Kg1 Nf4 22. Qf1 Nxd4 23. Nxd4 Qe3+ 24. Qf2 Qxd4 25. Qxd4 Ne2+ 26. Kf2 Nxd4 27. Rhc1 O-O 28.
Rc7 Be8 29. Rxb7 f6 30. Nf3 fxe5 31. Rc1 Nf5 32. Rcc7 e4 33. g4 1-0

[Event "Late-Titled-Tuesday-Blitz-September-19-2023"]
[Site "Chess.com"]
[Date "2023.09.19"]
[Round "2"]
[White "alertakobra"]
[Black "Cipy77"]
[Result "1-0"]
[WhiteElo "2364"]
[BlackElo "2494"]
[TimeControl "180+1"]
[EndTime "14:16:53 PDT"]
[Termination "alertakobra won by resignation"]

1. d4 Nf6 2. c4 e6 3. Nf3 b6 4. g3 Bb4+ 5. Bd2 Be7 6. Bg2 c6 7. O-O d5 8. Nc3 O-O 9. Ne5 Nfd7 10.
cxd5 Nxe5 11. dxe5 cxd5 12. e4 d4 13. Nd5 exd5 14. exd5 Ba6 15. d6 Bxf1 16. Qxf1 Bg5 17. Bxg5 Qxg5 18. f4 Qd8 19. Bxa8 Na6 20. Bd5 Nb4 21.
Qc4 a5 22. Rc1 g5 23. f5 Qd7 24. g4 h5 25. a3 hxg4 26. axb4 Qxf5 27. e6 Qf4 28.
Re1 fxe6 29. Bxe6+ Kh8 30. Qe2 d3 31. Qe5+ Qxe5 32. Rxe5 d2 33. Rd5 Re8 34. d7 Rd8 35. Rxd2 axb4 36. Bxg4 Kg7 37. Re2 Kf7 38. Re8 Rxe8 39.
Bh5+ 1-0

[Event "Late-Titled-Tuesday-Blitz-September-19-2023"]
[Site "Chess.com"]
[Date "2023.09.19"]
[Round "2"]
[White "MikeSailer"]
[Black "19912131712118"]
[Result "0-1"]
[WhiteElo "2187"]
[BlackElo "2448"]
[TimeControl "180+1"]
[EndTime "14:16:53 PDT"]
[Termination "19912131712118 won on time"]

1. d4 c5 2. d5 d6 3. Nc3 Nf6 4. e4 e6 5. Bb5+ Bd7 6. a4 exd5 7.
exd5 a6 8. Bxd7+ Nbxd7 9. Nge2 g6 10. O-O Bg7 11. Bg5 O-O 12. Qd2 Re8 13. f4 Qa5 14. f5 Re5 15. fxg6 hxg6 16. Bf4 Ne4 17. Nxe4 Qxd2 18. Nxd2 Rxe2 19. Nc4 Rxc2 20. Nxd6 Bxb2 21. Rae1 Bd4+ 22. Kh1 Nf6 23. h3 Nxd5 24. Nxb7 Bf2 25. Re4 f5 26. Rxf2 Rxf2 27. Rc4 Nxf4 28. Nxc5 Nxg2 0-1

[Event "Late-Titled-Tuesday-Blitz-September-19-2023"]
[Site "Chess.com"]
[Date "2023.09.19"]
[Round "2"]
[White "Deeper44"]
[Black "AlexPapasimakopoulos"]
[Result "0-1"]
[WhiteElo "2521"]
[BlackElo "2758"]
[TimeControl "180+1"]
[EndTime "14:16:55 PDT"]
[Termination "AlexPapasimakopoulos won by resignation"]

1. d4 d5 2. c4 e6 3. Nf3 a6 4. Qc2 Nf6 5. g3 dxc4 6. Qxc4 b5 7.
Qc2 Bb7 8. Bf4 Bd6 9. Bg2 Nbd7 10. O-O Rc8 11. Rd1 O-O 12. Ne5 Bxg2 13. Kxg2 Bxe5 14. dxe5 Nd5 15. Nc3 N7b6 16. Ne4 c5 17. Ng5 g6 18. e4 Nxf4+ 19. gxf4 Qe7 20. Qd3 h6 21. Nf3 Rfd8 22. Qe2 c4 23. Qe3 Na4 24. f5 exf5 25. Qxh6 Qf8 26. Qf4 fxe4 27. Ng5 Nxb2 28. Rxd8 Rxd8 29. Nxe4 Nd3 30. Nf6+ Kg7 31. Qg5 Qh8 32. e6 fxe6 33.
Ng4 Rf8 34. Rd1 Qh5 35. Qe7+ Rf7 36. Qxe6 Qf5 37. Qxf5 Rxf5 38. Kg3 Rg5 39. h4 Rxg4+ 40. Kxg4 Nxf2+ 0-1

[Event "Late-Titled-Tuesday-Blitz-September-19-2023"]
[Site "Chess.com"]
[Date "2023.09.19"]
[Round "2"]
[White "Orest_Vovk"]
[Black "Inepton_Fermion"]
[Result "1-0"]
[WhiteElo "2556"]
[BlackElo "2371"]
[TimeControl "180+1"]
[EndTime "14:16:56 PDT"]
[Termination "Orest_Vovk won by checkmate"]

1. e4 c5 2. Nf3 e6 3. a4 Nc6 4. Bb5 Nge7 5. O-O a6 6. Bxc6 Nxc6 7. Nc3 Be7 8. d4 cxd4 9. Nxd4 O-O 10. Nxc6 bxc6 11.
e5 Rb8 12. a5 Bb4 13. Ne4 h6 14. Bxh6 Qh4 15. Bxg7 Kxg7 16. Qf3 Be7 17. Ra4 Rh8 18.
h3 Qh5 19. Qg3+ Qg6 20. Qf3 Rh4 21. g3 Rxh3 22. Nf6 Rb4 23. Rxb4 Bxb4 24. Rd1 Bc5 25. Kg2 Rh8 26. b4 Bxb4 27. Rd4 Bxa5 28. Rg4 Rh6 29. Rxg6+ Rxg6 30. Qh5 Bd8 31. Qh7+ Kf8 32. Qh8+ Ke7 33.
Qe8# 1-0

[Event "Late-Titled-Tuesday-Blitz-September-19-2023"]
[Site "Chess.com"]
[Date "2023.09.19"]
[Round "2"]
[White "eCztery"]
[Black "midedu"]
[Result "1-0"]
[WhiteElo "2418"]
[BlackElo "2025"]
[TimeControl "180+1"]
[EndTime "14:16:57 PDT"]
[Termination "eCztery won by resignation"]

1. d4 Nf6 2. Bf4 d6 3. Nc3 Bf5 4. f3 h6 5. e4 Bh7 6. Bc4 e6 7.
Nge2 a6 8. Qd2 Be7 9. O-O-O b5 10. Bd3 Nc6 11. e5 dxe5 12. dxe5 Nd7 13. Bxh7 Rxh7 14.
Ne4 Qc8 15. Qc3 Nb4 16. Kb1 Nd5 17. Qd2 Qb7 18. N2c3 N7b6 19. Rhe1 Rh8 20. Qc1 O-O-O 21.
Nxd5 Rxd5 22. c4 Nxc4 23. b3 Nb6 24. Nd6+ Bxd6 25. exd6 Rxd1 26. Rxd1 Nd5 27. dxc7 Nxf4 28. Qxf4 Qxc7 29. Rc1 Qxc1+ 30. Kxc1 f6 31. Qe4 Kd7 32. Qb7+ Kd6 33. Qxa6+ Ke7 34. Kb2 Rd8 35. Qxb5 Rd2+ 36. Kc3 Rxg2 37. a4 Rxh2 38. Qb7+ Kf8 39. Qb8+ 1-0

[Event "Late-Titled-Tuesday-Blitz-September-19-2023"]
[Site "Chess.com"]
[Date "2023.09.19"]
[Round "2"]
[White "IamSchrodingersCat"]
[Black "oskariot"]
[Result "0-1"]
[WhiteElo "2510"]
[BlackElo "2727"]
[TimeControl "180+1"]
[EndTime "14:17:01 PDT"]
[Termination "oskariot won by resignation"]

1. e4 c5 2. Nf3 e6 3. d3 Nc6 4. Nbd2 d5 5. g3 Bd6 6. Bg2 Nge7 7. O-O O-O 8. Re1 Qc7 9. exd5 exd5 10. a4 Bg4 11. h3 Bh5 12. Nf1 Rfe8 13. g4 Bg6 14.
Nh4 Nd4 15. c3 Ne6 16. Ne3 Nf4 17. Nxg6 hxg6 18. c4 d4 19. Nf1 Nxg2 20. Kxg2 Nc6 21. Bg5 Nb4 22. Qd2 f6 23. Bh4 Bf4 24. Rxe8+ Rxe8 25.
Qd1 Qc6+ 26. Qf3 Nxd3 27. Qxc6 bxc6 28. b3 Re2 29. Kf3 Rb2 30. Rd1 Rxb3 31. Ke4 g5 32. Rxd3 Rxd3 33. Kxd3 gxh4 34. Ke4 g5 35. Kd3 Kf7 36. Ke4 Ke6 37. Kd3 f5 38. f3 fxg4 39. fxg4 Ke5 0-1

[Event "Late-Titled-Tuesday-Blitz-September-19-2023"]
[Site "Chess.com"]
[Date "2023.09.19"]
[Round "2"]
[White "K_A_S_T_O_R"]
[Black "Rital44"]
[Result "1-0"]
[WhiteElo "2932"]
[BlackElo "2569"]
[TimeControl "180+1"]
[EndTime "14:17:02 PDT"]
[Termination "K_A_S_T_O_R won by resignation"]

1. e4 c5 2. Nf3 Nc6 3. d4 cxd4 4. Nxd4 Nf6 5. Nc3 e5 6. Ndb5 d6 7. Bg5 a6 8. Na3 Be6 9. Nc4 Rc8 10. Bxf6 gxf6 11.
Nd5 Bxd5 12. exd5 Ne7 13. a4 f5 14. a5 Rc5 15. Nb6 Bg7 16. c3 Ng6 17. Qa4+ Ke7 18. g3 h5 19. h4 e4 20. Bh3 e3 21. f4 Re8 22. Bxf5 Kf8 23. Bxg6 fxg6 24. Qc2 Kf7 25.
Qd3 Qe7 26. Ke2 Qe4 27. Qxe4 Rxe4 28. Kf3 Re7 29. Rhe1 Rb5 30. Ra2 Bf6 31. Rxe3 Rxe3+ 32. Kxe3 Bd8 33. Kd4 Bxb6+ 34. axb6 Rxb6 35. b4 Kf6 36. Ke4 Rb5 37. Ra5 Rb6 38. Ke3 Kf5 39. Kf3 Kf6 40. g4 Kf7 41. f5 hxg4+ 42. Kxg4 gxf5+ 43. Kxf5 Kg7 44. Ke6 Kh6 45. Kd7 Kh5 46. Kc7 Rb5 47. Rxb5 axb5 48. Kxd6 Kxh4 49. Kc7 Kg5 50. d6 1-0

[Event "Late-Titled-Tuesday-Blitz-September-19-2023"]
[Site "Chess.com"]
[Date "2023.09.19"]
[Round "2"]
[White "IgorBjelobrk"]
[Black "reevecanada"]
[Result "0-1"]
[WhiteElo "2695"]
[BlackElo "2508"]
[TimeControl "180+1"]
[EndTime "14:17:02 PDT"]
[Termination "reevecanada won on time"]

1. d4 d5 2. c4 c6 3. Nf3 Nf6 4. Qc2 g6 5. cxd5 cxd5 6. Bf4 Nc6 7. e3 Nh5 8. Be5 Nxe5 9. Nxe5 Bg7 10. Bb5+ Kf8 11.
Nf3 Bg4 12. Be2 Rc8 13. Nc3 Qa5 14. O-O e6 15. Qb3 b6 16. Rfc1 Bf6 17. h3 Bxf3 18.
Bxf3 Be7 19. Bxh5 gxh5 20. Ne2 Kg7 21. Nf4 h4 22. Qd1 Bg5 23. Qg4 h6 24. Nxe6+ fxe6 25. Qxe6 Qa6 26. Qd7+ Kg6 27. f4 Bf6 28. Qg4+ Kh7 29. Qf5+ Kg7 30. Qd7+ Kg6 31. Qxd5 Qd3 32. Qe6 Qf5 33. Qb3 Qe4 34. Kf2 Rhg8 35. Rc7 Rxc7 36.
Qxg8+ Rg7 37. Qb3 Kh7 38. Rg1 Rg3 39. Qc3 Rxe3 0-1

[Event "Late-Titled-Tuesday-Blitz-September-19-2023"]
[Site "Chess.com"]
[Date "2023.09.19"]
[Round "2"]
[White "Sokoloco"]
[Black "MAGMAchess02"]
[Result "0-1"]
[WhiteElo "2662"]
[BlackElo "2372"]
[TimeControl "180+1"]
[EndTime "14:17:02 PDT"]
[Termination "MAGMAchess02 won by resignation"]

1. b3 c5 2. Bb2 Nc6 3. e3 Nf6 4. Nf3 g6 5. d4 cxd4 6. exd4 d5 7. Bb5 Bg7 8. Ne5 Bd7 9. Nxd7 Qxd7 10. O-O O-O 11.
Nd2 Ne4 12. Nxe4 dxe4 13. Qe2 Nxd4 14. Bxd4 Qxd4 15. Rad1 Qe5 16. a4 Rfd8 17. Rfe1 e6 18. Rxd8+ Rxd8 19. Qxe4 Qxe4 20. Rxe4 Rd1+ 21. Bf1 Rd2 22.
Bd3 Bd4 23. Rf4 e5 24. Re4 f5 25. Rxd4 exd4 26. Kf1 Kf7 27. Ke1 Rxd3 28. cxd3 Ke6 29. b4 Kd5 30. Kd2 a5 31. Kc2 axb4 32. Kb3 Kc5 33.
f4 h6 34. h4 h5 35. Kb2 Kb6 36. Ka2 Ka6 37. Kb3 Ka5 38. Kc4 Kxa4 39. Kxd4 b3 40. Kc3 Ka3 41. d4 b2 0-1

[Event "Late-Titled-Tuesday-Blitz-September-19-2023"]
[Site "Chess.com"]
[Date "2023.09.19"]
[Round "2"]
[White "Hrant_ChessMood"]
[Black "SCIM"]
[Result "1-0"]
[WhiteElo "2915"]
[BlackElo "2561"]
[TimeControl "180+1"]
[EndTime "14:17:03 PDT"]
[Termination "Hrant_ChessMood won by resignation"]

1. c4 g6 2. d4 Nf6 3. Nc3 d5 4. cxd5 Nxd5 5. e4 Nxc3 6. bxc3 Bg7 7. Bb5+ c6 8. Ba4 O-O 9. Nf3 b5 10. Bb3 a5 11. O-O a4 12. Bc2 c5 13. Rb1 b4 14.
cxb4 cxd4 15. Bxa4 Bg4 16. Bb3 Nc6 17. h3 Bxf3 18.
Qxf3 Nxb4 19. a3 Nc6 20. a4 e6 21. Bd2 Qd6 22. Rfc1 Rfb8 23. Qd3 h5 24. f4 h4 25. e5 Qd7 26. Qf3 Ne7 27. a5 Nf5 28. Bc2 Bf8 29. Bd3 Qa4 30. Rxb8 Rxb8 31. a6 Qa2 32. Be1 Qa3 33.
Rd1 Ne3 34. Rd2 Rb3 35. Qe2 Bb4 36. Ra2 Qc1 37. a7 Bxe1 38. a8=Q+ Kg7 39. Ra1 Bf2+ 40. Kxf2 Nd1+ 41. Kg1 1-0

[Event "Late-Titled-Tuesday-Blitz-September-19-2023"]
[Site "Chess.com"]
[Date "2023.09.19"]
[Round "2"]
[White "krzyzan94"]
[Black "leoduarte"]
[Result "0-1"]
[WhiteElo "2789"]
[BlackElo "2486"]
[TimeControl "180+1"]
[EndTime "14:17:04 PDT"]
[Termination "leoduarte won on time"]

1. e4 c5 2. Nf3 e6 3. d4 cxd4 4. Nxd4 Nf6 5. Nc3 Nc6 6. a3 d5 7.
Bb5 Bd7 8. exd5 exd5 9. Be3 Be7 10.
O-O O-O 11. Be2 Re8 12. Re1 h6 13. Bf3 Be6 14. Ncb5 a6 15. Nxe6 fxe6 16. Nd4 e5 17.
Nxc6 bxc6 18. c4 e4 19. Be2 Bd6 20. cxd5 cxd5 21. Rc1 Qe7 22. Bd4 Be5 23. Rc6 a5 24. h3 Rec8 25. Rxc8+ Rxc8 26. Qd2 Bxd4 27. Qxd4 Qc5 28.
Qa4 Qc2 29. Qxa5 Qxb2 30. Bg4 Rc1 31. Be6+ Kf8 32. Kh2 Qb8+ 33. f4 exf3+ 34. g3 Rc2+ 35. Kh1 f2 0-1